 Dungeon Crawl Stone Soup version 0.30-a0-297-g0ec75d9ef4 (webtiles) character file.

Game seed: 10916124203213856483

1135 Zonian the Magician (level 8, -1/60 HPs)
             Began as a Djinni Ice Elementalist on Oct 20, 2022.
             Slain by an ogre
             ... wielding a +0 giant club
              (25 damage)
             ... on level 6 of the Dungeon.
             The game lasted 00:14:32 (7194 turns).

Zonian the Magician (Djinni Ice Elementalist)       Turns: 7194, Time: 00:14:32

Health: -1/60      AC:  8    Str:  7    XL:     8   Next: 63%
Gold:   270        EV: 12    Int: 19    God:
                   SH:  0    Dex: 14

rFire   + + .      SeeInvis .    e - +3 dagger
rCold   . . .      Faith    .    (no shield)
rNeg    + . .      Spirit   .    s - +1 leather armour "Betofib" {rN+}
rPois   ∞          Reflect  .    (no helmet)
rElec   .          Harm     .    n - +0 cloak
rCorr   .          Rampage  .    l - +2 pair of gloves "Roniyre" {rC+}
Will    .....                    (boots unavailable)
Stlth   ++........               (no amulet)
HPRegen 0.30/turn                (no ring)
MPRegen 0.00/turn                (no ring)

@: flying
A: sickness immunity, fire resistance 2, cold vulnerability 1, float, innate
caster, HP casting, extra vitality 1
a: no special abilities


You were on level 6 of the Dungeon.
You visited 1 branch of the dungeon, and saw 6 of its levels.

You collected 270 gold pieces.

Inventory:

Hand Weapons
 c - a +0 rapier
 e - a +3 dagger (weapon)
 v - a +0 whip of freezing
Missiles
 b - 28 poisoned darts
Armour
 a - a +1 robe
 f - a +0 pair of gloves
 l - the +2 pair of gloves "Roniyre" (worn) {rC+}
   (You found it on level 5 of the Dungeon)

   rC:        It protects you from cold.
 n - a +0 cloak (worn)
 o - a +0 robe of willpower
 s - the +1 leather armour "Betofib" (worn) {rN+}
   (You took it off a gnoll on level 4 of the Dungeon)

   rN:        It protects you from negative energy.
Jewellery
 u - a ring of fire
Wands
 i - a wand of mindburst (1)
 k - a wand of flame (6)
 p - a wand of polymorph (10)
 t - a wand of light (6)
Scrolls
 g - 2 scrolls of noise
 q - 2 scrolls of magic mapping
 w - a scroll of amnesia {unknown}
 x - a scroll of enchant weapon {unknown}
Potions
 d - 5 potions of curing
 h - 2 potions of lignification
 j - a potion of heal wounds
 m - a potion of ambrosia
 r - a potion of brilliance
 z - a potion of resistance {unknown}


   Skills:
 + Level 5.4 Fighting
 - Level 4.0 Dodging
 - Level 3.2 Stealth
 + Level 5.9 Spellcasting


You had one spell level left.
You knew the following spells:

 Your Spells              Type           Power      Damage    Failure   Level
a - Freeze                Ice            100%       1d10      1%          1
b - Frozen Ramparts       Ice            56%        1d9       4%          3
c - Ozocubu's Armour      Ice            28%        N/A       4%          3
d - Summon Ice Beast      Ice/Summ       28%        N/A       14%         4
e - Slow                  Hex            100%       N/A       1%          1
f - Wereblood             Tmut           28%        N/A       2%          2
g - Tukima's Dance        Hex            28%        N/A       4%          3
Your spell library was empty.

Dungeon Overview and Level Annotations

Branches:
Dungeon (6/15)
 Temple: D:4-7

Altars:
Okawaru


Innate Abilities, Weirdness & Mutations

You are immune to sickness and miasma.
You are immune to poison.
Your flesh is very heat resistant. (rF++)
You are vulnerable to cold. (rC-)
You float through the air rather than walking.
You learn spells naturally, not from books.
Your magical power is your life essence.
You have superior vitality. (+4 MHP)


Message History

The ufetubus hits you but does no damage. x3
The ufetubus misses you.
You freeze the ufetubus.
The ufetubus resists.
You kill the ufetubus!
You freeze the ufetubus.
The ufetubus resists.
The ufetubus is almost dead.
The ufetubus barely misses you. The ufetubus misses you.
The ufetubus barely misses you. The ufetubus misses you.
You freeze the ufetubus.
The ufetubus resists.
You kill the ufetubus!
You freeze the ogre.
The ogre is lightly wounded.
The ogre hits you with a +0 giant club!
Unknown command.
Casting: Freeze (safe; 1% risk of failure)
Confirm with . or Enter, or press ? or * to list all spells.
Aiming: Freeze (safe; 1% risk of failure)
Press: ? - help, Shift-Dir - straight line, f/p - ogre
Aim: an ogre, wielding a +0 giant club (lightly wounded)
You freeze the ogre.
The ogre is moderately wounded.
The ogre barely misses you.
Unknown command.
Casting: Freeze (safe; 1% risk of failure)
Confirm with . or Enter, or press ? or * to list all spells.
Aiming: Freeze (safe; 1% risk of failure)
Press: ? - help, Shift-Dir - straight line, f/p - ogre
Aim: an ogre, wielding a +0 giant club (moderately wounded)
You freeze the ogre.
The ogre is moderately wounded.
Unknown command.
Casting: Freeze (safe; 1% risk of failure)
Confirm with . or Enter, or press ? or * to list all spells.
Aiming: Freeze (safe; 1% risk of failure)
Press: ? - help, Shift-Dir - straight line, f/p - ogre
Aim: an ogre, wielding a +0 giant club (moderately wounded)
You freeze the ogre.
The ogre is heavily wounded.
The ogre hits you with a +0 giant club!!
You die...

#..# ... #.# ##.## ... #####..#
###..# ##. ...##..# #### #...##
#.. #.. ...# #.### #.###o ...#
##...## #...O. ...#####.....##
##....
...##.....†...##############..#..
..............#.@Ooo.........####
...####.........##############
..># ##...........).[ ...#
##.............. ####
#.......######## #.......#
#.......# ##.....## ##...##


You could see an ogre and 2 orcs.

Vanquished Creatures
  Grinder (D:5)
  Edmund (D:5)
  Duvessa (D:4)
  2 scorpions (D:6)
  Dowan (D:4)
  A howler monkey (D:5)
  2 hounds
  A gnoll bouda (D:5)
  A jelly (D:4)
  2 iguanas
  Natasha (thrice) (D:3)
  2 orc wizards
  6 adders
  4 gnolls
  2 white imps
  4 ufetubi
  2 worms
  5 dart slugs
  16 orcs
  6 bats
  7 endoplasms
  4 giant cockroaches
  9 goblins
  5 hobgoblins
  2 jackals (D:3)
  7 quokkas
  8 ball pythons
  7 frilled lizards
  6 kobolds
  4 rats
122 creatures vanquished.

Notes
Turn   | Place    | Note
-------+----------+-------------------------------------------
     0 | D:1      | Zonian the Djinni Ice Elementalist began the quest for the
                  | Orb.
     0 | D:1      | Zonian set off with the following spells memorised: Freeze,
                  | Frozen Ramparts, Ozocubu's Armour, Summon Ice Beast.
     0 | D:1      | Reached XP level 1. HP: 15/15 MP: 0/0
   133 | D:1      | Reached XP level 2. HP: 14/21 MP: 0/0
   806 | D:1      | Reached XP level 3. HP: 19/25 MP: 0/0
   806 | D:1      | Learned a level 1 spell: Slow
  1225 | D:2      | Reached XP level 4. HP: 28/31 MP: 0/0
  1906 | D:3      | Noticed Natasha
  1916 | D:3      | Killed Natasha
  2220 | D:3      | Reached XP level 5. HP: 33/35 MP: 0/0
  2220 | D:3      | Learned a level 2 spell: Wereblood
  2504 | D:3      | Noticed Natasha
  2513 | D:3      | Killed Natasha
  2617 | D:3      | Noticed Natasha
  2650 | D:3      | Killed Natasha
  2855 | D:4      | Reached XP level 6. HP: 23/40 MP: 0/0
  3411 | D:4      | Identified the +10 great mace of Chaos {venom, rC++ Str-4}
  3894 | D:4      | Reached skill level 1 in Fighting
  4201 | D:5      | Entered Level 5 of the Dungeon
  4208 | D:5      | Noticed Edmund
  4279 | D:5      | Identified the +2 pair of gloves "Roniyre" {rC+}
  4308 | D:5      | HP: 1/43 [white imp/puff of frost (10)]
  4667 | D:5      | Identified the +1 leather armour "Betofib" {rN+}
  4942 | D:5      | Found an iron altar of Okawaru.
  4944 | D:5      | Noticed Grinder
  4945 | D:5      | Paralysed by Grinder for 4 turns
  4990 | D:4      | Noticed Duvessa
  4990 | D:4      | Noticed Dowan
  5229 | D:4      | Killed Duvessa
  5230 | D:4      | Reached XP level 7. HP: 34/49 MP: 0/0
  5230 | D:4      | Learned a level 3 spell: Tukima's Dance
  5234 | D:4      | Killed Dowan
  5670 | D:5      | Killed Grinder
  5671 | D:5      | Reached skill level 5 in Spellcasting
  5761 | D:5      | Reached XP level 8. HP: 41/58 MP: 0/0
  6013 | D:5      | Killed Edmund
  6949 | D:6      | Reached skill level 5 in Fighting
  7194 | D:6      | Slain by an ogre

Illustrated notes

Levels and vault maps discovered:
D:1:      psy_arrival_fountain, layout_basic, serial_aquarium,
          aquarium_bridge_square [aquarium_subvault_wall,
          aquarium_subvault_bridge, aquarium_subvault_wall,
          aquarium_subvault_bridge], aquarium_window_corner, aquarium_window_1,
          aquarium_view_2b, aquarium_view_2d, aquarium_balcony_5b,
          aquarium_pool_side
D:2:      minmay_spotlight, layout_basic, serial_curves, eino_curves_03,
          eino_curves_01
D:3:      layout_basic, uniq_natasha
D:4:      layout_basic, uniq_duvessa
D:5:      layout_rooms, okawaru_metal_pillars_1_2, abandoned_shop,
          nrook_campfire, uniq_edmund, uniq_grinder
D:6:      layout_rooms, nicolae_overflow_hidden_temple

Skill      XL: |  1  2  3  4  5  6  7  8 |
---------------+-------------------------+-----
Stealth        | 2 3 |  3.2
Dodging        | 3 4 |  4.0
Spellcasting   | 4 5 |  5.9
Fighting       | 2 4 5 |  5.4

Action                   |  1- 3 |  4- 6 |  7- 9 || total
-------------------------+-------+-------+-------++-------
Melee: Unarmed           |    11 |       |       ||    11
       Dagger            |    12 |    57 |    41 ||   110
       Punch             |       |     2 |     2 ||     4
       Whip              |       |       |    21 ||    21
Throw: Dart              |       |       |     5 ||     5
 Cast: Freeze            |    46 |   108 |    53 ||   207
       Frozen Ramparts   |       |     1 |     1 ||     2
       Ozocubu's Armour  |       |     1 |       ||     1
       Tukima's Dance    |       |       |     1 ||     1
Evoke: Wand              |       |     2 |    11 ||    13
  Use: Scroll            |       |     9 |     3 ||    12
       Potion            |       |       |     1 ||     1
 Stab: Sleeping          |     1 |     6 |     1 ||     8
       Distracted        |       |     1 |       ||     1
Armor: Robe              |     5 |    19 |     4 ||    28
       Leather armour    |       |       |    65 ||    65
Dodge: Dodged            |    35 |   108 |   116 ||   259

Table legend: (Time is in decaauts)
 A = Elapsed time spent in this place.
 B = Non-inter-level travel time spent in this place.
 C = Inter-level travel time spent in this place.
 D = Time resting spent in this place.
 E = Time spent auto-exploring this place.
 F = Levels seen in this place.
 G = Mean time per level.
                   A        B        C        D        E       F      G
               +--------+--------+--------+--------+--------+-----+--------+
         Total |   7202 |   6893 |    309 |   2710 |   2798 |   6 | 1200.3 |
       Dungeon |   7202 |   6893 |    309 |   2710 |   2798 |   6 | 1200.3 |
               +--------+--------+--------+--------+--------+-----+--------+

Top non-repeatable levels by time:
     D:4: 2025 daAuts
     D:5: 1654 daAuts
     D:2: 1172 daAuts
     D:3: 1092 daAuts
     D:1: 974 daAuts
     D:6: 283 daAuts
